 Dungeon Crawl Stone Soup version 0.31-a0-818-ge7c7cf74f0 (webtiles) character file.

Game seed: 1815255512613165540

1757 Kurtz the Cleaver (level 9, 0/56 HPs)
             Began as an Octopode Fighter on Sept 23, 2023.
             Slain by a sky beast (6 damage)
             ... on level 6 of the Dungeon.
             The game lasted 00:05:15 (5499 turns).

Kurtz the Cleaver (Octopode Fighter)                Turns: 5499, Time: 00:05:17

Health: 0/56       AC:  1    Str: 18    XL:     9   Next: 6%
Magic:  9/9        EV: 16    Int: 10    God:
Gold:   451        SH: 11    Dex: 19    Spells: 8/8 levels left

rFire   . . .        h - +2 whip (venom)
rCold   + . .        b - +0 buckler
rNeg    . . .        (helmet restricted)
rPois   .            u - amulet of reflection
rElec   .            p - +6 ring of dexterity
rCorr   .            q - ring of willpower
SInv    .            t - ring of protection from cold
Will    +....        (no ring)
Stlth   +++          (no ring)
HPRegen 0.29/turn    (no ring)
MPRegen 0.11/turn    (no ring)
                     (no ring)

%: reflection
@: mighty, studying Maces & Flails
A: almost no armour, amphibious, 8 rings, camouflage 1, gelatinous body 1,
(nimble swimmer 1), tentacles
a: no special abilities


You were on level 6 of the Dungeon.
You visited 1 branch of the dungeon, and saw 7 of its levels.

You collected 451 gold pieces.

Inventory:

Hand Weapons
 a - a +0 war axe
 h - a +2 whip of venom (weapon)
Missiles
 n - 8 poisoned darts (quivered)
Armour
 b - a +0 buckler (worn)
Jewellery
 p - a +6 ring of dexterity (left tentacle)
 q - a ring of willpower (right tentacle)
 t - a ring of protection from cold (on tentacle)
 u - an amulet of reflection (around mantle)
 v - a ring of positive energy
Wands
 k - a wand of flame (41)
 l - a wand of iceblast (7)
Scrolls
 d - a scroll of blinking {unknown}
 e - 2 scrolls of revelation {unknown}
 f - 5 scrolls of identify {unknown}
 g - a scroll of enchant armour {unknown}
 i - 4 scrolls of teleportation {unknown}
 j - a scroll of acquirement {unknown}
 m - a scroll of fog {unknown}
 r - 4 scrolls of poison {unknown}
 s - a scroll of noise {unknown}
 w - a scroll of vulnerability {unknown}
 y - 2 scrolls of silence {unknown}
 B - a scroll of amnesia {unknown}
Potions
 o - 2 potions of mutation {unknown}
 x - 2 potions of heal wounds {unknown}
 z - a potion of curing {unknown}
 A - 2 potions of berserk rage


   Skills:
 - Level 3.0 Fighting
 + Level 8.3(8.8) Axes
 - Level 4.2(6.8) Maces & Flails
 - Level 6.4 Dodging
 - Level 5.4 Shields


You had 8 spell levels left.
You didn't know any spells.
Your spell library contained the following spells:

 Spells                   Type           Power      Damage    Failure   Level
 Ozocubu's Armour         Ice            0%         N/A       80%         3
 Metabolic Englaciation   Hex/Ice        0%         N/A       100%        5
 Simulacrum               Ice/Necr       0%         N/A       100%        6


Dungeon Overview and Level Annotations

Branches:
Dungeon (7/15)             Temple (0/1) D:5

Altars:
Ashenzari
Dithmenos
Hepliaklqana
Makhleb
Qazlal
Ru
Wu Jian
Yredelemnul

Shops:
D:4 [

Annotations:
D:4 3 runed translucent doors, capslocke's ghost, amateur DsGl
D:6 exclusion: downstairs
D:7 Menkaure; Pikel


Innate Abilities, Weirdness & Mutations

You cannot wear most types of armour.
You are amphibious.
You can wear up to eight rings at the same time.
Your skin changes colour to match your surroundings (Stealth+).
Your rubbery body absorbs attacks. (AC +1, EV +1)
((You are camouflaged when in or above water. (Stealth+)))
You have tentacles for arms and can constrict up to eight enemies at once.


Message History

The poisoned dart barely misses the sky beast.
The sky beast looks more healthy.
The sky beast hits you. The sky beast shocks you. The lemure barely misses you.
You climb upwards.
Level annotation: exclusion: downstairs
There is a stone staircase leading down here.
Unknown command.
You closely miss the sky beast. You squeeze the sky beast.
The sky beast is moderately wounded.
The lemure misses you. You block the sky beast's attack.
You hit the sky beast.
The sky beast is heavily wounded.
You block the lemure's attack.
The sky beast flickers out of sight!
Deactivating autopickup; reactivate with Ctrl-A.
Something barely misses you.
Unknown command.
You barely miss the lemure. Your grab misses the lemure. The lemure hits you.
A sky beast appears from thin air!
Reactivating autopickup.
The sky beast barely misses you.
You completely miss the sky beast. Your squeeze misses the sky beast.
The sky beast is heavily wounded.
The lemure hits you.
The sky beast flickers out of sight!
Deactivating autopickup; reactivate with Ctrl-A.
Something hits you. Something shocks you.
You completely miss the lemure. Your grab misses the lemure.
You block the lemure's attack. Something hits you. Something shocks you.
You are too injured to fight recklessly!
You are too injured to fight recklessly!
You closely miss something. You completely miss something.
You block the lemure's attack. Something hits you. Something shocks you.
* * * LOW HITPOINT WARNING * * *
You feel very mighty all of a sudden. The lemure hits you.
* * * LOW HITPOINT WARNING * * *
Something hits you.
* * * LOW HITPOINT WARNING * * *
Something shocks you.
You die...

####### #(....#
########.....#
#{....##.....#
#############.@...##.....#
##..........##.5...##.....#
##............#.....##.#.###
#...................##.#.#
#...............######.#.#
#..............## #.....#
...............# #...^.#
#..............#####.....#
#.............##.........#


You could see a lemure.

Vanquished Creatures
  Sigmund (D:3)
  A water moccasin (D:5)
  A black bear (D:5)
  A hornet zombie (D:5)
  2 ogres
  2 centaurs (D:5)
  A phantom (D:5)
  A bullfrog (D:6)
  A water moccasin zombie (D:5)
  2 scorpions (D:5)
  2 wights (D:5)
  4 hounds
  A human zombie (D:5)
  3 iguanas
  Ijyb (D:4)
  2 scorpion zombies (D:5)
  An orc wizard (D:6)
  A hound zombie (D:5)
  2 mummies (D:5)
  A howler monkey zombie (D:5)
  6 adders
  2 white imps
  2 ufetubi
  An adder zombie (D:5)
  3 worms
  2 dart slugs
  9 orcs
  6 ball pythons
  11 endoplasms
  3 giant cockroaches
  8 goblins
  7 hobgoblins
  3 jackals (D:1)
  12 kobolds
  4 quokkas
  5 bats
  2 frilled lizards
  7 rats
124 creatures vanquished.

Notes
Turn   | Place    | Note
-------+----------+-------------------------------------------
     0 | D:1      | Kurtz the Octopode Fighter began the quest for the Orb.
     0 | D:1      | Reached XP level 1. HP: 16/16 MP: 1/1
   159 | D:1      | Reached XP level 2. HP: 11/21 MP: 2/2
   341 | D:1      | Reached skill level 3 in Axes
   541 | D:1      | Reached XP level 3. HP: 20/26 MP: 3/3
  1017 | D:2      | Reached skill level 4 in Axes
  1186 | D:2      | Reached XP level 4. HP: 31/31 MP: 4/4
  1461 | D:2      | Found a faded altar of an unknown god.
  1661 | D:3      | Found a sacrificial altar of Ru.
  1855 | D:3      | Reached skill level 5 in Axes
  2217 | D:3      | Reached XP level 5. HP: 27/36 MP: 5/5
  2494 | D:3      | Noticed Sigmund
  2503 | D:3      | Killed Sigmund
  2504 | D:3      | Reached XP level 6. HP: 28/42 MP: 6/6
  2889 | D:4      | Noticed Ijyb
  2901 | D:4      | Killed Ijyb
  2906 | D:4      | Reached skill level 6 in Axes
  3118 | D:4      | Found Heinrich's Dragon-Slaying Spoils.
  3273 | D:4      | Reached XP level 7. HP: 42/46 MP: 7/7
  3300 | D:4      | Found a runed translucent gate.
  3303 | D:4      | Found a runed translucent gate.
  3304 | D:4      | Found a runed translucent gate.
  3381 | D:4      | Noticed capslocke's ghost (amateur DsGl)
  3483 | D:4      | Found a stormy altar of Qazlal.
  3649 | D:4      | Identified the +1 scale mail of Entitlement {Contam rF+++
                  | rCorr Str+3}
  3743 | D:5      | Entered Level 5 of the Dungeon
  3835 | D:5      | Found a staircase to the Ecumenical Temple.
  4033 | D:5      | Reached skill level 5 in Dodging
  4215 | D:5      | Reached skill level 7 in Axes
  4215 | D:5      | Reached XP level 8. HP: 45/52 MP: 8/8
  4274 | D:5      | Reached skill level 1 in Maces & Flails
  4531 | D:5      | Reached skill level 5 in Shields
  4816 | D:5      | Found a basalt altar of Yredelemnul.
  5096 | D:6      | Found a burning altar of Makhleb.
  5096 | D:6      | Found a hazy altar of Hepliaklqana.
  5140 | D:6      | Reached XP level 9. HP: 54/56 MP: 9/9
  5144 | D:6      | Reached skill level 8 in Axes
  5396 | D:6      | Found a broken altar of Ashenzari.
  5398 | D:6      | Found an ornate altar of the Wu Jian Council.
  5421 | D:6      | Found a shadowy altar of Dithmenos.
  5461 | D:7      | Noticed Menkaure
  5486 | D:7      | Noticed Pikel
  5499 | D:6      | Slain by a sky beast

Illustrated notes

Levels and vault maps discovered:
D:1:      elethiomel_arrival_shortcut, layout_loops_ring, minmay_statues_item
D:2:      minmay_spotlight, layout_basic, shapermc_ecumenical_altar_mp_vishouse
D:3:      layout_loops_ring, nicolae_ru_sacrificial_ziggurat, uniq_sigmund
D:4:      layout_basic, general_overflow_altar, biasface_ghost_orc_armoury,
          nicolae_shop_dragon_depot, abandoned_shop, uniq_ijyb
D:5:      layout_rooms, lemuel_mausoleum_altar_yredelemnul,
          minmay_temple_entry_gardened_gates, chequers_serial_rivers_room_a,
          minmay_manual_mares
D:6:      layout_rooms, nicolae_overflow_hidden_temple, lightli_orcish_oven
D:7:      layout_rooms, tgw_trog, nicolae_uskayaw_dance_studio, tso_altar,
          uniq_menkaure, uniq_pikel, uniq_maggie

Skill      XL: |  1  2  3  4  5  6  7  8  9 |
---------------+----------------------------+-----
Axes           | 3 4 5 6 7 8 |  8.3
Dodging        | 4 5 6 |  6.4
Shields        | 4 5 |  5.4
Maces & Flails | 4 |  4.2
Fighting       | |  3.0

Action                     |  1- 3 |  4- 6 |  7- 9 || total
---------------------------+-------+-------+-------++-------
  Melee: War axe           |    20 |       |       ||    20
         Tentacles         |    10 |    16 |    49 ||    75
         Constrict         |     9 |    16 |    35 ||    60
         Whip              |    40 |    81 |   178 ||   299
         Punch             |       |     1 |     4 ||     5
  Throw: Dart              |       |       |    16 ||    16
    Use: Potion            |       |     2 |     1 ||     3
   Stab: Sleeping          |    11 |     7 |     6 ||    24
 Armour: Skin              |    23 |    25 |    52 ||   100
  Dodge: Dodged            |    40 |    44 |    63 ||   147
  Block: Buckler           |     8 |    17 |    59 ||    84
         Reflection        |       |       |     1 ||     1

Table legend: (Time is in decaauts)
 A = Elapsed time spent in this place.
 B = Non-inter-level travel time spent in this place.
 C = Inter-level travel time spent in this place.
 D = Time resting spent in this place.
 E = Time spent auto-exploring this place.
 F = Levels seen in this place.
 G = Mean time per level.
                   A        B        C        D        E       F      G
               +--------+--------+--------+--------+--------+-----+--------+
         Total |   5477 |   5039 |    438 |    997 |   3191 |   7 |  782.4 |
       Dungeon |   5477 |   5039 |    438 |    997 |   3191 |   7 |  782.4 |
               +--------+--------+--------+--------+--------+-----+--------+

Top non-repeatable levels by time:
     D:3: 1248 daAuts
     D:5: 1129 daAuts
     D:1: 879 daAuts
     D:4: 856 daAuts
     D:2: 760 daAuts
     D:6: 593 daAuts
     D:7: 9 daAuts
